 Dungeon Crawl Stone Soup version 0.30.0-30-g96aa6591b8 (webtiles) character file.

Game seed: 6951166377381208623

72 cheesebisquit the Magician (level 4, -2/34 HPs)
             Began as a Djinni Fire Elementalist on June 27, 2023.
             Slain by a goblin
             ... wielding a +0 dagger
             ... led by Robin
              (4 damage)
             ... on level 3 of the Dungeon.
             The game lasted 00:09:52 (1522 turns).

cheesebisquit the Magician (DjFE)                   Turns: 1522, Time: 00:09:53

Health: -2/34      AC:  2    Str:  7    XL:     4   Next: 48%
Gold:   87         EV: 12    Int: 18    God:
                   SH:  0    Dex: 14

rFire   + + .        f - +0 dagger (speed)
rCold   x . .        (no shield)
rNeg    . . .        a - +0 robe
rPois   ∞            (no helmet)
rElec   .            (no cloak)
rCorr   .            (no gloves)
SInv    .            (boots unavailable)
Will    .....        (no amulet)
Stlth   ++           (no ring)
HPRegen 0.25/turn    (no ring)
MPRegen 0.00/turn

%: infuse magic (-3 HP)
@: flying, very slightly contaminated
A: sickness immunity, fire resistance 2, cold vulnerability 1, float, innate
caster, HP casting, extra vitality 1
a: no special abilities


You were on level 3 of the Dungeon.
You visited 1 branch of the dungeon, and saw 3 of its levels.

You collected 87 gold pieces.

Inventory:

Hand Weapons
 f - a +0 dagger of speed (weapon)
Armour
 a - a +0 robe (worn)
 k - a +0 kite shield
Scrolls
 c - a scroll of enchant armour {unknown}
 d - a scroll of torment {unknown}
 e - a scroll of identify {unknown}
 h - 2 scrolls of amnesia {unknown}
 i - a scroll of magic mapping {unknown}
 j - a scroll of fear {unknown}
 l - 2 scrolls of enchant weapon {unknown}
 m - a scroll of teleportation {unknown}
 n - a scroll of immolation {unknown}
 o - a scroll of noise {unknown}
Potions
 b - 3 potions of might {unknown}
 g - a potion of heal wounds {unknown}


   Skills:
 + Level 2.5 Fighting
 - Level 2.1 Dodging
 - Level 1.5 Stealth
 + Level 3.2 Spellcasting


You knew the following spells:

 Your Spells              Type           Power      Damage    Failure   Level
a - Foxfire               Conj/Fire      56%        2x1d6     4%          1
b - Scorch                Fire           28%        2d6       6%          2
c - Volatile Blastmotes   Fire/Tloc      28%        2d12      13%         3
d - Inner Flame           Hex/Fire       14%        N/A       13%         3
e - Flame Wave            Conj/Fire      14%        2d6       38%         4
f - Freeze                Ice            56%        1d7       4%          1
Your spell library was empty.

Dungeon Overview and Level Annotations

Branches:
Dungeon (3/15)

Altars:

Annotations:
D:3 Robin


Innate Abilities, Weirdness & Mutations

You are immune to sickness and miasma.
You are immune to poison.
Your flesh is very heat resistant. (rF++)
You are vulnerable to cold. (rC-)
You float through the air rather than walking.
You learn spells naturally, not from books.
Your magical power is your life essence.
You have superior vitality. (+4 MHP)


Message History

The foxfire hits the hobgoblin.
The hobgoblin is burned terribly!
You kill the hobgoblin!
The foxfire hits the goblin.
The goblin is moderately wounded.
The goblin barely misses you.
Casting: Scorch (safe; 6% risk of failure)
Confirm with . or Enter, or press ? or * to list all spells.
You conjure some foxfire!
The goblin closely misses you.
The foxfire hits the goblin.
You kill the goblin!
The goblin misses you.
Flames lash Robin.
Robin is heavily wounded.
Robin's fire resistance burns away.
You hear a shout!
The foxfire hits the goblin.
You kill the goblin!
The goblin closely misses you. The goblin hits you with a +0 dagger.
A hobgoblin comes into view.
Robin roars a battlecry!
The goblin goes into a battle-frenzy!
Casting: Scorch (safe; 6% risk of failure)
Confirm with . or Enter, or press ? or * to list all spells.
You conjure some foxfire!
The goblin misses you.
The foxfire hits the goblin.
The goblin is moderately wounded.
The goblin misses you.
You are too injured to fight recklessly!
Okay, then.
Casting: Foxfire (safe; 4% risk of failure)
Confirm with . or Enter, or press ? or * to list all spells.
Casting: Flame Wave (extremely dangerous; 38% risk of failure)
Press: ? - help, Dir - look around, f - activate You miscast Flame Wave.
You are very lightly contaminated with residual magic.
The air around you crackles with energy!
* * * LOW HITPOINT WARNING * * *
x2 The foxfire hits the goblin.
You kill the goblin!
The goblin closely misses you. The goblin hits you with a +0 dagger.
You die...

..#......#
#.#......#
#.#......#
#.#......# #
#.#......# ..
#.#>#......#
....#.#.#......#
........g.)....#
#####.#.#@)....#
# #.#g†gg..#
#.##.#..... #.#
.# .... #<# .#
... #.# .# <.
#.# .# . #.# .#
#.#


You could see Robin (combustible), a hobgoblin (strong) and 2 goblins.

Vanquished Creatures
  An adder (D:2)
  A dart slug (D:1)
  4 ball pythons
  2 endoplasms
  2 giant cockroaches (D:1)
  11 goblins
  6 hobgoblins
  10 jackals
  3 kobolds (D:1)
  A quokka (D:1)
  4 bats (D:1)
  6 frilled lizards
  2 rats
53 creatures vanquished.

Vanquished Creatures (others)
  158 foxfires
158 creatures vanquished.

Grand Total: 211 creatures vanquished

Notes
Turn   | Place    | Note
-------+----------+-------------------------------------------
     0 | D:1      | cheesebisquit the Djinni Fire Elementalist began the quest
                  | for the Orb.
     0 | D:1      | cheesebisquit set off with the following spells memorised:
                  | Foxfire, Scorch, Volatile Blastmotes, Inner Flame, Flame
                  | Wave.
     0 | D:1      | Reached XP level 1. HP: 15/15 MP: 0/0
   127 | D:1      | Reached XP level 2. HP: 20/22 MP: 0/0
   158 | D:1      | Reached skill level 1 in Fighting
   285 | D:1      | Found a faded altar of an unknown god.
   362 | D:1      | Reached XP level 3. HP: 24/27 MP: 0/0
   362 | D:1      | Learned a level 1 spell: Freeze
   934 | D:2      | Reached skill level 3 in Spellcasting
  1107 | D:2      | Reached XP level 4. HP: 30/33 MP: 0/0
  1511 | D:3      | Noticed Robin
  1522 | D:3      | Slain by a goblin

Illustrated notes

Levels and vault maps discovered:
D:1:      saegor_arrival_simple_d, layout_basic,
          shapermc_ecumenical_altar_pompeii
D:2:      layout_rooms
D:3:      layout_basic, kennysheep_generic_room_14, uniq_robin

Skill      XL: |  1  2  3 |
---------------+----------+-----
Fighting       | 1 2 |  2.5
Spellcasting   | 3 |  3.2
Dodging        | |  2.1
Stealth        | |  1.5

Action                     |  1- 3 |  4- 6 || total
---------------------------+-------+-------++-------
   Cast: Foxfire           |    82 |    14 ||    96
         Scorch            |    11 |     7 ||    18
 Armour: Robe              |     1 |     2 ||     3
  Dodge: Dodged            |     3 |     9 ||    12
